 Dungeon Crawl Stone Soup version 0.19.1-1-g22dce08 (webtiles) character file.

268 Queen the Cudgeler (level 6, -10/55 HPs)
             Began as a Gargoyle Berserker on Jan 16, 2017.
             Was a Believer of Trog.
             Mangled by Prince Ribbit (17 damage)
             ... on level 5 of the Dungeon.
             The game lasted 00:06:40 (2671 turns).

Queen the Cudgeler (Gargoyle Berserker)             Turns: 2671, Time: 00:06:40

Health: -10/55     AC:  7    Str: 26    XL:     6   Next: 21%
Magic:  6/6        EV: 11    Int:  7    God:    Trog [**....]
Gold:   53         SH:  0    Dex: 11    Spells: 0 memorised, 5 levels left

rFire  x . .     SeeInvis .     a - +1 mace
rCold  + . .     Gourm    .     k - -2 ring mail (curse)
rNeg   + . .     Faith    .     (no shield)
rPois  ∞         Spirit   .     (no helmet)
rElec  +         Reflect  .     (no cloak)
rCorr  .         Harm     .     (no gloves)
MR     .....                    (no boots)
Stlth  ..........               (no amulet)
                                (no ring)
                                j - ring of ice

@: berserking, very quick
A: negative energy resistance 1, electricity resistance, unbreathing,
petrification resistance, rot immunity, AC +4
a: Berserk, Trog's Hand, Burn Spellbooks, Renounce Religion


You were on level 5 of the Dungeon.
You worshipped Trog.
Trog was pleased with you.
You were very hungry.

You visited 1 branch of the dungeon, and saw 4 of its levels.

You collected 53 gold pieces.

Inventory:

Hand Weapons
 a - a +1 mace (weapon)
Armour
 b - a +0 animal skin
 k - a cursed -2 ring mail (worn)
Jewellery
 j - a ring of ice (left hand)
Wands
 d - a wand of flame (27/48)
Scrolls
 l - a scroll of amnesia {unknown}
Potions
 e - a potion of berserk rage
 f - a potion of magic {unknown}
 g - a potion of invisibility {unknown}
 h - 2 potions of cancellation {unknown}
 i - 2 potions of curing {unknown}
Comestibles
 c - a bread ration
 m - 11 chunks of flesh


   Skills:
 - Level 3.2 Fighting
 + Level 6.8 Maces & Flails
 - Level 2.1 Armour
 - Level 1.5 Dodging


You had 5 spell levels left.
You didn't know any spells.

Dungeon Overview and Level Annotations

Branches:
Dungeon (3/15)

Altars:
Cheibriados
Fedhas
Makhleb
The Shining One

Annotations:
D:5 Prince Ribbit


Innate Abilities, Weirdness & Mutations

You are resistant to torment.
Your stone body is resilient. (AC +4)
You are immune to poison.
You resist negative energy. (rN+)
You are resistant to electric shocks. (rElec)
You can survive without breathing.
You are immune to petrification.
You are immune to rotting.


Message History

You hit Prince Ribbit.
Prince Ribbit is lightly wounded.
Prince Ribbit catches a spider with his tongue.
Prince Ribbit hits you. Prince Ribbit barely misses you.
You barely miss Prince Ribbit. Prince Ribbit hits you!
* * * LOW HITPOINT WARNING * * *
You are too injured to fight recklessly!
You are too injured to fight recklessly!
You are too injured to fight recklessly!
A red film seems to cover your vision as you go berserk!
You feel yourself moving faster!
You feel mighty!
You are feeling very hungry.
Prince Ribbit barely misses you. Prince Ribbit hits you!
* * * LOW HITPOINT WARNING * * *
You are too injured to fight recklessly!
You are too injured to fight recklessly!
You sock Prince Ribbit!
Prince Ribbit is moderately wounded.
Prince Ribbit hits you!
You die...

#####.#.#.##..#######
......#.#....##
#####.#.####.#
#.#.#.##.#
####.#.#..#
......>.<.#
.##.####..## # .
#...######...#
#.....@......#
##...F......##
############


You could see Prince Ribbit.

Vanquished Creatures
  Sigmund (D:2)
  A worker ant (D:5)
  2 adders (D:3)
  An ooze (D:1)
  A worm (D:2)
  4 dart slugs (D:1)
  A leopard gecko (D:2)
  3 giant cockroaches
  8 goblins
  2 hobgoblins
  6 jackals
  A quokka (D:2)
  8 bats
  3 frilled lizards
  5 kobolds
  4 rats
  A bush (D:2)
  A plant (D:2)
53 creatures vanquished.

Vanquished Creatures (others)
  A bush (D:2)
1 creature vanquished.

Grand Total: 54 creatures vanquished

Notes
Turn   | Place    | Note
-------+----------+-------------------------------------------
     0 | D:1      | Queen the Gargoyle Berserker began the quest for the Orb.
     0 | D:1      | Reached XP level 1. HP: 14/14 MP: 1/1
   234 | D:1      | Reached XP level 2. HP: 10/19 MP: 2/2
   575 | D:1      | Reached skill level 4 in Maces & Flails
   698 | D:1      | Reached XP level 3. HP: 23/23 MP: 3/3
   907 | D:2      | Found a faded altar of an unknown god.
  1143 | D:2      | Reached ** piety under Trog
  1363 | D:2      | Found a burning altar of Makhleb.
  1803 | D:2      | Reached XP level 4. HP: 28/28 MP: 4/4
  1950 | D:2      | Noticed Sigmund
  1970 | D:2      | Killed Sigmund
  1970 | D:2      | Reached skill level 6 in Maces & Flails
  1970 | D:2      | Reached XP level 5. HP: 14/32 MP: 5/5
  2388 | D:3      | Found a snail-covered altar of Cheibriados.
  2388 | D:3      | Found a blossoming altar of Fedhas.
  2398 | D:3      | Reached XP level 6. HP: 37/37 MP: 6/6
  2399 | D:3      | Found a glowing golden altar of the Shining One.
  2627 | D:3      | You fall through a shaft for 2 floors!
  2627 | D:5      | Entered Level 5 of the Dungeon
  2660 | D:5      | Noticed Prince Ribbit
  2671 | D:5      | Mangled by Prince Ribbit

Skill      XL: |  1  2  3  4 |
---------------+-------------+-----
Maces & Flails | 4 6 |  6.8
Fighting       | |  3.2
Armour         | |  2.1
Dodging        | |  1.5

Action                   |  1- 3 |  4- 6 || total
-------------------------+-------+-------++-------
Melee: Mace              |   140 |   171 ||   311
Invok: Berserk           |       |     2 ||     2
       Trog's Hand       |       |     1 ||     1
  Use: Scroll            |     3 |     1 ||     4
  Eat: Chunk             |     3 |     4 ||     7
Armor: Animal skin       |    35 |       ||    35
       Ring mail         |    22 |    16 ||    38
Dodge: Dodged            |    97 |    41 ||   138
